 Dungeon Crawl Stone Soup version 0.29.0-10-g45618ea6d2 (webtiles) character file.

Game seed: 11216046111930815801

155266 robertstho the Eclecticist (level 18, -6/130 HPs)
             Began as a Djinni Fire Elementalist on Sept 1, 2022.
             Was the Champion of Makhleb.
             Mangled by an entropy weaver (15 damage)
             ... on level 3 of the Spider Nest.
             The game lasted 01:14:12 (39772 turns).

robertstho the Eclecticist (DjFE)                  Turns: 39772, Time: 01:14:12

Health: -6/130     AC:  4    Str:  7    XL:     18   Next: 27%
Gold:   1688       EV: 15    Int: 23    God:    Makhleb [******] SH:  5 Dex: 28

rFire   + + +      SeeInvis +   J - +12 shortbow of the Hammering Ancients {flame, rElec Dex+3}
rCold   . . .      Faith    .   (shield currently unavailable)
rNeg    . . .      Spirit   .   a - +1 ring mail of Filth {Dex+3 SInv Stlth+}
rPois   ∞          Reflect  +   d - +2 helmet
rElec   +          Harm     .   Q - scarf {rC+ rF+}
rCorr   +          Rampage  .   Y - +0 pair of gloves
Will    +....                   (boots unavailable)
Stlth   ++++......              b - amulet of Scepticism {Reflect rElec rPois SH+5}
HPRegen 0.31/turn               n - ring of resist corrosion
MPRegen 0.00/turn               t - +6 ring of dexterity

@: marked, corroded, flying
A: sickness immunity, fire resistance 2, cold vulnerability 1, float, innate
caster, HP casting, extra vitality 1
a: Renounce Religion, Minor Destruction, Lesser Servant of Makhleb, Major
Destruction, Greater Servant of Makhleb


You were on level 3 of the Spider Nest.
You worshipped Makhleb.
Makhleb was exalted by your worship.
You visited 5 branches of the dungeon, and saw 25 of its levels.
You also visited: Ossuary, Bailey and Gauntlet.

You collected 2653 gold pieces.
You spent 965 gold pieces at shops.

Inventory:

Hand Weapons
 j - the +10 trident of Ashenzari, Sharing {flame, rElec rF+}
   (You took it off a centaur warrior on level 12 of the Dungeon)

   It burns those it strikes, dealing additional fire damage.
   rF:        It protects you from fire.
   rElec:     It insulates you from electricity.
 J - the +12 shortbow of the Hammering Ancients (weapon) {flame, rElec Dex+3}
   (You took it off a minotaur in a Gauntlet)

   Any ammunition fired from it burns those it strikes, dealing additional fire
   damage.
   Dex:       It affects your dexterity (+3).
   rElec:     It insulates you from electricity.
Armour
 a - the +1 ring mail of Filth (worn) {Dex+3 SInv Stlth+}
   (You found it on level 11 of the Dungeon)

   Dex:       It affects your dexterity (+3).
   SInv:      It lets you see invisible.
   Stlth:     It makes you more stealthy.
 d - a +2 helmet (worn)
 r - a +2 robe of cold resistance
 w - +0 acid dragon scales
 P - the +10 tower shield of Ignorance {rN+ Int-4}
   (You found it on level 8 of the Dungeon)

   Int:       It affects your intelligence (-4).
   rN:        It protects you from negative energy.
 Q - a scarf of resistance (worn)
 Y - a +0 pair of gloves (worn)
Jewellery
 b - the amulet of Scepticism (around neck) {Reflect rElec rPois SH+5}
   (You acquired it on level 7 of the Dungeon)

   [amulet of reflection]

   It reflects blocked missile attacks.
   rElec:     It insulates you from electricity.
   rPois:     It protects you from poison.
   SH:        It affects your SH (+5).
 c - the macabre finger necklace {rN+}
   (You found it on level 2 of the Orcish Mines)

   [amulet of nothing]

   It enables you to equip an extra ring.
   rN:        It protects you from negative energy.
 f - a ring of positive energy
 n - a ring of resist corrosion (left hand)
 t - a +6 ring of dexterity (right hand)
 y - a ring of fire
 G - a ring of protection from fire
 H - a ring of willpower
Wands
 p - a wand of digging (12)
 q - a wand of quicksilver (3)
 B - a wand of iceblast (3)
 W - a wand of mindburst (5)
Scrolls
 e - 5 scrolls of blinking
 g - a scroll of magic mapping
 i - 2 scrolls of butterflies
 l - 15 scrolls of teleportation
 s - 4 scrolls of fear
 v - a scroll of enchant armour
 A - 5 scrolls of vulnerability
 C - 6 scrolls of immolation
 D - 5 scrolls of enchant weapon
 I - 4 scrolls of brand weapon
 S - 4 scrolls of poison
 X - 3 scrolls of silence
Potions
 h - 3 potions of resistance
 k - 6 potions of haste
 m - 6 potions of heal wounds
 o - 3 potions of ambrosia
 u - 5 potions of might
 x - 7 potions of mutation
 z - 13 potions of curing
 F - 2 potions of cancellation
 K - 3 potions of invisibility
Miscellaneous
 E - a box of beasts
 U - a phantom mirror


   Skills:
 * Level 12.1 Fighting
 + Level 0.2 Long Blades
 + Level 5.0 Staves
 + Level 6.1 Ranged Weapons
 + Level 7.9 Armour
 + Level 7.2 Dodging
 + Level 4.9 Stealth
 + Level 4.6 Shields
 * Level 18.8 Spellcasting
 * Level 10.9 Invocations
 + Level 1.5 Evocations


You had 11 spell levels left.
You knew the following spells:

 Your Spells              Type           Power      Damage    Failure   Level
a - Foxfire               Conj/Fire      100%       2x1d9     0%          1
b - Scorch                Fire           100%       2d10      0%          2
c - Conjure Flame         Conj/Fire      83%        6-21      0%          3
d - Inner Flame           Hex/Fire       83%        N/A       0%          3
e - Flame Wave            Conj/Fire      83%        2d18      1%          4
f - Slow                  Hex            100%       N/A       0%          1
g - Searing Ray           Conj           100%       2d8       0%          2
h - Vampiric Draining     Necr           83%        2d11      0%          3
i - Call Canine Familiar  Summ           83%        N/A       0%          3
j - Hailstorm             Conj/Ice       83%        3d17      1%          4
k - Metabolic Englaciati  Hex/Ice        41%        N/A       1%          5
l - Conjure Ball Lightni  Conj/Air       41%        3x3d13    1%          6
m - Starburst             Conj/Fire      41%        6d12      1%          6
Your spell library was empty.

Dungeon Overview and Level Annotations

Branches:
Dungeon (13/15)            Temple (1/1) D:6            Lair (5/5) D:8
 Shoals (0/4) Lair:3       Spider (4/4) Lair:3        Slime (0/5) Lair:5
    Orc (2/2) D:10            Elf (0/3) Orc:2        Vaults (0/5) D:13
Ossuary (visited)          Bailey (visited)         Gauntlet (visited)

Altars:
Ashenzari
Cheibriados
Dithmenos
Elyvilon
Fedhas
Gozag
Hepliaklqana
Makhleb
Nemelex Xobeh
Qazlal
Trog
Uskayaw
Xom
Yredelemnul
Zin
The Shining One
Jiyva

Shops:
D:6 (   D:9 [   Orc:1 *   Orc:2 (*![

Annotations:
D:1 1 transporter


Innate Abilities, Weirdness & Mutations

You are immune to sickness and miasma.
You are immune to poison.
Your flesh is very heat resistant. (rF++)
You are vulnerable to cold. (rC-)
You float through the air rather than walking.
You learn spells naturally, not from books.
Your magical power is your life essence.
You have superior vitality. (+4 MHP)


Message History

A demonic crawler comes into view.
The entropy weaver completely misses you.
The entropy weaver misses you. You block the entropy weaver's attack.
The entropy weaver hits you.
* * * LOW HITPOINT WARNING * * *
Unknown command.
The barbs in your skin will harm you if you move.
Continue?
The jumping spider leaps! x2; You block the entropy weaver's attack.
The entropy weaver completely misses you.
The entropy weaver hits you!
* * * LOW HITPOINT WARNING * * *
The entropy weaver completely misses you.
The barbed spikes dig painfully into your body as you move.
* * * LOW HITPOINT WARNING * * *
You fly upwards.
There is a stone staircase leading down here.
You feel much better. The entropy weaver hits you.
* * * LOW HITPOINT WARNING * * *
The entropy weaver misses you. The entropy weaver closely misses you.
The entropy weaver hits you but does no damage.
You feel much better. The entropy weaver hits you!
* * * LOW HITPOINT WARNING * * *
The entropy weaver closely misses you. The entropy weaver hits you.
* * * LOW HITPOINT WARNING * * *
The entropy weaver hits you.
* * * LOW HITPOINT WARNING * * *
Unknown command.
Casting: Starburst (mildly dangerous; 1% risk of failure)
Confirm with . or Enter, or press ? or * to list all spells.
Casting: Starburst (mildly dangerous; 1% risk of failure)
Press: ? - help, Dir - look around, f - activate The bolt of fire hits the entropy weaver!!!
The entropy weaver is severely wounded.
* * * LOW HITPOINT WARNING * * *
You carefully extract the barbed spikes from your body.
The entropy weaver hits you but does no damage.
The entropy weaver hits you!
* * * LOW HITPOINT WARNING * * *
The entropy weaver hits you!
You die...

##...........## ######
####..........# #....#
..##..........#######....##
...##............)........#
................####..#...##
.....###...##^###....###...#
.....####.###.##....## ##.###
...##..######........## #...#
..#####..###....@.....###.###
.## ###.#.#...B......#.##
####### ##.##........).#.#
###...# #^.###..........^##
#.....###..###........###.#
......##....##........# ###
.....###....##........#
.............#........#
....###..............##


You could see an entropy weaver.

Vanquished Creatures
  Rupert (D:13)
  2 orc warlords
  2 emperor scorpions
  4 ghost moths
  2 broodmothers
  A minotaur (Gauntlet)
  6 entropy weavers
  Josephine (Lair:3)
  2 vault guards (D:13)
  5 boulder beetles
  Harold (D:9)
  An anaconda (shapeshifter) (D:12)
  A jorogumo (Spider:1)
  4 catoblepae
  2 radroaches
  3 two-headed ogres
  2 centaur warriors
  6 hydras
  Erica (D:11)
  13 death yaks
  3 tengu warriors
  5 orc high priests (Orc:2)
  Sonja (Lair:3)
  A soul eater (Gauntlet)
  A sun moth (Spider:2)
  Amaemon (Lair:2)
  5 pharaoh ants
  3 wizards (D:13)
  7 steelbarb worms
  6 orb spiders
  6 orc knights (Orc:2)
  A deep elf pyromancer (D:13)
  4 orc sorcerers
  4 ugly things
  2 necromancers (D:13)
  2 cyclopes (D:12)
  13 wolf spiders
  A manticore (Lair:5)
  11 elephants
  5 moths of wrath
  5 black mambas
  An orange demon (Lair:2)
  3 torpor snails
  Maggie (Lair:2)
  2 gargoyles
  11 cane toads
  5 unseen horrors
  2 kobold demonologists (D:9)
  2 yaktaurs (D:12)
  3 tengu conjurers
  5 komodo dragons
  7 demonic crawlers
  2 efreet
  5 polar bears
  7 trolls
  A meliai (D:12)
  Grinder (D:3)
  12 tarantellas
  12 blink frogs
  A slime creature (D:12)
  15 dream sheep
  A snapping turtle (Lair:3)
  A centaur simulacrum (D:12)
  Sigmund (D:3)
  A shadow (D:10)
  29 jumping spiders
  14 culicivoras
  7 wraiths
  6 wyverns
  6 basilisks
  A steam dragon (D:7)
  17 humans (D:13)
  67 yaks
  2 fire elementals (Gauntlet)
  65 redbacks
  3 vampire mosquitoes (D:12)
  4 wargs
  3 acid dragons
  9 water moccasins
  2 hell hounds (Gauntlet)
  46 orc warriors
  2 ice beasts
  A sky beast (D:7)
  A black bear (D:5)
  A black bear (shapeshifter) (D:13)
  16 ogres
  A boggart (D:12)
  13 wolves
  8 centaurs
  4 phantoms
  5 kobold brigands
  A necrophage (D:5)
  14 bullfrogs
  A gnoll sergeant (D:6)
  6 scorpions
  12 wights
  2 troll zombies (D:10)
  15 killer bees
  10 electric eels
  3 howler monkeys
  3 hounds
  32 orc priests
  4 jellies
  2 iguanas
  17 orc wizards
  11 hell rats (Lair:3)
  6 ogre zombies (D:10)
  9 mummies
  14 gnolls
  7 river rats (Lair:3)
  5 adders
  4 shadow imps
  A white imp (D:6)
  An ufetubus (D:5)
  A dart slug (D:1)
  114 orcs
  6 endoplasms
  2 giant cockroaches (D:4)
  A gnoll zombie (Ossuary)
  7 goblins
  5 hobgoblins
  3 quokkas
  4 ball pythons
  10 bats
  A frilled lizard (D:1)
  3 goblin skeletons (D:10)
  2 goblin zombies (D:10)
  5 hobgoblin zombies
  20 kobolds
  2 kobold zombies (Ossuary)
  An orc skeleton (D:10)
  19 orc zombies
  7 rats
  4 bushes
979 creatures vanquished.

Vanquished Creatures (collateral kills)
  A broodmother (Spider:1)
  2 death yaks (Lair:5)
  A manticore (Lair:5)
  A demonic crawler (Spider:1)
  11 ball lightnings
  2 foxfires
18 creatures vanquished.

Vanquished Creatures (others)
  380 ball lightnings
  820 foxfires
  50 fungi
  61 plants
1311 creatures vanquished.

Grand Total: 2308 creatures vanquished

Notes
Turn   | Place    | Note
-------+----------+-------------------------------------------
     0 | D:1      | robertstho the Djinni Fire Elementalist began the quest for
                  | the Orb.
     0 | D:1      | robertstho set off with the following spells memorised:
                  | Foxfire, Scorch, Conjure Flame, Inner Flame, Flame Wave.
     0 | D:1      | Reached XP level 1. HP: 15/15 MP: 0/0
   435 | D:1      | Reached XP level 2. HP: 20/21 MP: 0/0
   660 | D:1      | Reached skill level 3 in Spellcasting
   868 | D:1      | Reached XP level 3. HP: 22/25 MP: 0/0
   868 | D:1      | Learned a level 1 spell: Slow
  1579 | D:2      | Found a faded altar of an unknown god.
  1785 | D:2      | Noticed an ogre
  1791 | D:2      | Killed an ogre
  1792 | D:2      | Reached skill level 1 in Fighting
  1792 | D:2      | Reached skill level 4 in Spellcasting
  1792 | D:2      | Reached XP level 4. HP: 25/32 MP: 0/0
  1792 | D:2      | Reached XP level 5. HP: 29/37 MP: 0/0
  1792 | D:2      | Learned a level 2 spell: Searing Ray
  2176 | D:2      | Identified the +8 chain mail "Piteix" {Str+4 Stlth+}
  2388 | D:3      | Noticed Grinder
  2401 | D:3      | Killed Grinder
  2402 | D:3      | Reached skill level 5 in Spellcasting
  2402 | D:3      | Reached XP level 6. HP: 26/43 MP: 0/0
  2518 | D:3      | Found a shadowy altar of Dithmenos.
  2608 | D:3      | Noticed Sigmund
  2614 | D:3      | Killed Sigmund
  2615 | D:3      | Reached XP level 7. HP: 19/49 MP: 0/0
  2615 | D:3      | Learned a level 3 spell: Vampiric Draining
  3519 | D:4      | Reached skill level 6 in Spellcasting
  3520 | D:4      | Reached XP level 8. HP: 37/55 MP: 0/0
  3527 | D:4      | Found a sand-covered staircase.
  3536 | Ossuary  | Entered an ossuary
  4986 | D:5      | Entered Level 5 of the Dungeon
  4991 | D:5      | Reached skill level 7 in Spellcasting
  5295 | D:5      | Reached XP level 9. HP: 49/61 MP: 0/0
  5295 | D:5      | Learned a level 3 spell: Call Canine Familiar
  5784 | D:6      | Reached skill level 8 in Spellcasting
  6134 | D:6      | Found Vekumu's Antique Weapon Shoppe.
  6143 | D:6      | Bought a dazzling long sword for 238 gold pieces
  6143 | D:6      | Identified the +9 long sword "Zuohuz" {freeze, Will+ Str-5
                  | Int+5} (You bought it in a shop on level 6 of the Dungeon)
  6252 | D:6      | Found a staircase to the Ecumenical Temple.
  6543 | Temple   | Entered the Ecumenical Temple
  6582 | Temple   | Became a worshipper of Makhleb the Destroyer
  6677 | D:6      | Reached skill level 9 in Spellcasting
  7017 | D:7      | Reached skill level 1 in Invocations
  7017 | D:7      | Reached XP level 10. HP: 63/67 MP: 0/0
  7162 | D:7      | Identified a scroll of acquirement
  7175 | D:7      | Acquired the amulet of Scepticism {Reflect rElec rPois
                  | SH+5}
  7200 | D:7      | Found a flagged portal.
  7207 | Bailey   | Entered a bailey
  7493 | Bailey   | Reached * piety under Makhleb
  8328 | D:8      | Found a blossoming altar of Fedhas.
  8402 | D:8      | Found a shimmering altar of Xom.
  8416 | D:8      | Reached skill level 10 in Spellcasting
  8534 | D:8      | Found a hazy altar of Hepliaklqana.
  8726 | D:8      | Identified the +7 quarterstaff of True Grit {venom, Int+4}
  8728 | D:8      | Found the +10 tower shield of Ignorance {rN+ Int-4}
  8732 | D:8      | Noticed a catoblepas
  8745 | D:8      | Killed a catoblepas
  8881 | D:8      | Reached skill level 5 in Fighting
  9009 | D:8      | Found a staircase to the Lair.
  9306 | D:8      | Reached ** piety under Makhleb
  9841 | D:8      | Reached XP level 11. HP: 73/76 MP: 0/0
  9841 | D:8      | Learned a level 4 spell: Hailstorm
 10164 | D:9      | Reached skill level 1 in Shields
 10641 | D:9      | Noticed Harold
 10650 | D:9      | Killed Harold
 10653 | D:9      | Acquired a manual of Spellcasting
 10716 | D:9      | Found a hide-covered altar of Uskayaw.
 10728 | D:9      | Reached skill level 1 in Staves
 10728 | D:9      | Reached skill level 11 in Spellcasting
 10729 | D:9      | Identified the +2 robe of Servitude {Drain rPois rF+}
 10743 | D:9      | Found Peschusm's Antique Armour Shop.
 11255 | D:9      | Reached *** piety under Makhleb
 11363 | D:9      | Bought a runed scarf for 232 gold pieces
 11876 | D:10     | Entered Level 10 of the Dungeon
 11921 | D:10     | Reached skill level 12 in Spellcasting
 11921 | D:10     | Reached XP level 12. HP: 84/84 MP: 0/0
 11967 | D:10     | Found a staircase to the Orcish Mines.
 11980 | D:10     | Reached **** piety under Makhleb
 12695 | D:11     | Identified the +1 ring mail of Filth {Dex+3 SInv Stlth+}
 12922 | D:11     | Reached skill level 5 in Dodging
 13126 | D:11     | Noticed Erica
 13132 | D:11     | Killed Erica
 13843 | Lair:1   | Entered Level 1 of the Lair of Beasts
 13856 | Lair:1   | Reached XP level 13. HP: 61/90 MP: 0/0
 13856 | Lair:1   | Learned a level 5 spell: Metabolic Englaciation
 14524 | Lair:1   | Reached skill level 13 in Spellcasting
 14532 | Lair:1   | Noticed an eight-headed hydra
 14538 | Lair:1   | Killed an eight-headed hydra
 15417 | Lair:2   | Noticed Amaemon
 15432 | Lair:2   | Killed Amaemon
 16287 | Lair:2   | Noticed Maggie
 16295 | Lair:2   | Killed Maggie
 16298 | Lair:2   | Reached skill level 14 in Spellcasting
 17143 | Lair:3   | Noticed Sonja
 17151 | Lair:3   | Killed Sonja
 17241 | Lair:3   | Noticed Josephine
 17244 | Lair:3   | Reached ***** piety under Makhleb
 17250 | Lair:3   | Killed Josephine
 17314 | Lair:3   | Reached skill level 5 in Armour
 17314 | Lair:3   | Reached XP level 14. HP: 24/99 MP: 0/0
 17574 | Lair:3   | You are sucked into a shaft and drop 1 floor!
 17599 | Lair:4   | Reached skill level 15 in Spellcasting
 18366 | Lair:3   | Found a hole to the Spider Nest.
 18371 | Lair:3   | Identified the +5 flail of Xegol {drain, *Rage Str+3}
 18588 | Lair:3   | Found a staircase to the Shoals.
 19320 | Lair:5   | Entered Level 5 of the Lair of Beasts
 19564 | Lair:5   | Reached ****** piety under Makhleb
 20064 | Lair:5   | Reached skill level 16 in Spellcasting
 20417 | Lair:5   | Reached XP level 15. HP: 32/106 MP: 0/0
 20417 | Lair:5   | Learned a level 6 spell: Conjure Ball Lightning
 20427 | Lair:5   | Reached skill level 5 in Staves
 20815 | Lair:5   | Found a viscous altar of Jiyva.
 20816 | Lair:5   | Found a staircase to the Slime Pits.
 21163 | Lair:5   | HP: 2/107 [seven-headed hydra (8)]
 22375 | Orc:1    | Entered Level 1 of the Orcish Mines
 22375 | Orc:1    | Noticed an orc warlord
 22387 | Orc:1    | Killed an orc warlord
 22388 | Orc:1    | Reached skill level 1 in Evocations
 22417 | Orc:1    | Reached skill level 10 in Fighting
 22551 | Orc:1    | Found Mits's General Store.
 22703 | Orc:1    | Bought 2 scrolls of identify for 44 gold pieces
 22703 | Orc:1    | Bought a potion of heal wounds for 55 gold pieces
 23020 | Orc:2    | Entered Level 2 of the Orcish Mines
 23952 | Orc:2    | Found Zugruaq's Weapon Boutique.
 23962 | Orc:2    | Found Quid's General Store.
 23968 | Orc:2    | Bought a potion of heal wounds for 60 gold pieces
 24137 | Orc:2    | Reached skill level 17 in Spellcasting
 25054 | Orc:2    | Noticed an orc warlord
 25071 | Orc:2    | Killed an orc warlord
 25516 | Orc:2    | Reached XP level 16. HP: 113/113 MP: 0/0
 25536 | Orc:2    | Found Ziq Focoa's Armour Boutique.
 25648 | Orc:2    | Found Xituf's Distillery.
 25656 | Orc:2    | Bought a potion of heal wounds for 80 gold pieces
 25656 | Orc:2    | Bought a potion of resistance for 160 gold pieces
 25656 | Orc:2    | Bought a potion of curing for 48 gold pieces
 25656 | Orc:2    | Bought a potion of curing for 48 gold pieces
 25844 | Orc:2    | Found the macabre finger necklace {rN+}
 26066 | Orc:2    | Found a staircase to the Elven Halls.
 26478 | D:12     | Found a gate leading to a gauntlet.
 26484 | Gauntlet | Entered a Gauntlet
 26484 | Gauntlet | Found a transporter.
 26574 | Gauntlet | Found a transporter.
 26589 | Gauntlet | Found a transporter.
 26594 | Gauntlet | Found a transporter.
 26609 | Gauntlet | Found a transporter.
 26628 | Gauntlet | Found a transporter.
 26637 | Gauntlet | Found a transporter.
 26652 | Gauntlet | Found a transporter.
 26664 | Gauntlet | Found a transporter.
 26675 | Gauntlet | Found the dreamshard necklace {*Dream Drain}
 26676 | Gauntlet | Found a transporter.
 26693 | Gauntlet | Found a transporter.
 26693 | Gauntlet | Found a transporter.
 26713 | Gauntlet | Found a transporter.
 26735 | Gauntlet | Found a transporter.
 26759 | Gauntlet | Found a transporter.
 26836 | Gauntlet | Found a transporter.
 26861 | Gauntlet | Found a transporter.
 26863 | Gauntlet | Found a transporter.
 27109 | Gauntlet | Identified the ring "Sulagryd" {rElec rC- rN+ EV+4}
 27463 | Gauntlet | Identified the +12 shortbow of the Hammering Ancients
                  | {flame, rElec Dex+3}
 28039 | D:12     | Reached skill level 1 in Ranged Weapons
 28083 | D:12     | Identified the +10 trident of Ashenzari, Sharing {flame,
                  | rElec rF+}
 29738 | D:13     | Noticed Rupert
 29750 | D:13     | Killed Rupert
 30085 | D:13     | Reached skill level 10 in Invocations
 30268 | D:13     | Found a gate to the Vaults.
 31574 | Spider:1 | Entered Level 1 of the Spider Nest
 31585 | Spider:1 | Identified the +5 war axe of Doom {freeze, rF+ Dex+4}
 32136 | Spider:1 | Reached XP level 17. HP: 84/121 MP: 0/0
 32136 | Spider:1 | Learned a level 6 spell: Starburst
 32704 | Spider:1 | Reached skill level 5 in Ranged Weapons
 32908 | Spider:1 | Reached skill level 18 in Spellcasting
 38796 | Spider:3 | Reached XP level 18. HP: 105/130 MP: 0/0
 39757 | Spider:4 | Entered Level 4 of the Spider Nest
 39769 | Spider:4 | HP: 5/130 [barbs]
 39772 | Spider:3 | Mangled by an entropy weaver

Illustrated notes

Levels and vault maps discovered:
D:1:      spicycebolla_arrival_risky_transporter, layout_loops_ring,
          minmay_close_crescents
D:2:      layout_loops_ring, basic_ecumenical_altar
D:3:      layout_rooms, nicolae_dithmenos_the_darkroom, uniq_grinder,
          uniq_sigmund
D:4:      layout_layer_cave, gup_ossuary_entry_pyramid, st_stairs_4
D:5:      layout_cave_pools, minmay_misc_feat_square
D:6:      layout_gridville, fiery_altar_vehumet, temple_pool_b, serial_shops,
          shop
D:7:      layout_rooms, enter_bailey_3, st_stairs_8, nicolae_figureground_pulse
D:8:      wad_lake_hut, layout_loops_ring, old_standard_altar,
          mainiacjoe_overflow_small_starburst, mainiacjoe_overflow_divided_tiny,
          lair_entry_dummy, kennysheep_just_a_vault
D:9:      layout_basic, mainiacjoe_overflow_tiny_flanked, serial_shops,
          nicolae_stop_n_shop_1, uniq_harold
D:10:     layout_loops_cross, zombieorc2_lemuel
D:11:     layout_long_grid, uniq_erica
D:12:     hangedman_cross_veins, layout_long_grid, gauntlet_entry_generic
D:13:     layout_roguey, grunt_vaults_entry_tiered, uniq_rupert
Temple:   hellmonk_temple_two_chambers
Lair:1:   layout_cave_pods
Lair:2:   layout_loops_ring, minmay_holes, nicolae_quartered_pool_little,
          uniq_amaemon, uniq_maggie
Lair:3:   layout_big_grid, minmay_shoals_entry_hut, spider_nest_entry_a,
          kennysheep_abandoned_house, grunt_megastairs_1, lemuel_fruit_tree,
          uniq_sonja, uniq_josephine
Lair:4:   layout_loops_ring, infiniplex_staircase_pool
Lair:5:   evilmike_catoblepas_cave, layout_regular_city, slime_entry_1
Spider:1: layout_spider_delve, nicolae_spider_bug_shape
Spider:2: layout_spider_delve, hangedman_stitches_earthworm
Spider:3: layout_chambers
Spider:4: grunt_spider_rune_circles, ebering_ghost_xom,
          portal_ice_cave_entry_ice_statue_two, nicolae_spider_baby_got_redback
Orc:1:    layout_caves, serial_shops, nicolae_shop_window_shopping
Orc:2:    pubby_orc_utopia

Skill      XL: |  1  2  3  4  5  6  7  8  9 10 11 12 13 14 15 16 17 18 |
---------------+-------------------------------------------------------+-----
Spellcasting   | 3 4 5 6 7 9 10 12 14 16 17 18 | 18.8
Fighting       | 1 2 3 4 5 6 7 8 9 10 11 12 | 12.1
Stealth        | 2 3 4 |  4.9
Dodging        | 3 4 5 6 7 |  7.2
Invocations    | 1 3 6 7 8 9 10 | 10.9
Shields        | 3 4 |  4.6
Staves         | 2 3 4 5 |  5.0
Armour         | 3 5 6 7 |  7.9
Evocations     | 1 |  1.5
Ranged Weapons | 4 6 |  6.1
Long Blades    | |  0.2

Action                   |  1- 3 |  4- 6 |  7- 9 | 10-12 | 13-15 | 16-18 || total
-------------------------+-------+-------+-------+-------+-------+-------++-------
Melee: Long sword        |       |       |     1 |     8 |       |       ||     9
       Quarterstaff      |       |       |       |    92 |   103 |    11 ||   206
 Fire: Shortbow          |       |       |       |       |       |   341 ||   341
 Cast: Foxfire           |    73 |    18 |   218 |    43 |   135 |       ||   487
       Scorch            |     2 |    10 |    34 |    65 |    89 |    22 ||   222
       Flame Wave        |       |       |     4 |    31 |    64 |    38 ||   137
       Call Canine Famil |       |       |       |     2 |     1 |       ||     3
       Hailstorm         |       |       |       |       |   117 |    26 ||   143
       Conjure Flame     |       |       |       |       |     4 |     2 ||     6
       Metabolic Englaci |       |       |       |       |    26 |    27 ||    53
       Conjure Ball Ligh |       |       |       |       |    53 |   111 ||   164
       Searing Ray       |       |       |       |       |       |     2 ||     2
       Starburst         |       |       |       |       |       |    51 ||    51
Evoke: Wand              |       |       |       |       |     9 |     5 ||    14
  Use: Scroll            |       |       |       |    22 |    14 |    11 ||    47
       Potion            |       |       |       |     3 |     3 |     5 ||    11
 Stab: Sleeping          |       |       |       |     2 |     1 |       ||     3
       Distracted        |       |       |       |     1 |       |       ||     1
Armor: Robe              |     7 |     3 |    11 |    45 |       |       ||    66
       Ring mail         |       |       |       |    23 |    84 |   163 ||   270
Dodge: Dodged            |     4 |     4 |    20 |   142 |   181 |   224 ||   575
Block: Buckler           |       |       |     3 |    16 |       |       ||    19
       Other             |       |       |       |    57 |    62 |    81 ||   200
       Reflection        |       |       |       |    10 |     2 |     5 ||    17
